 Dungeon Crawl Stone Soup version 0.23.1 (webtiles) character file.

Game seed: 7214228678286210172

6000 Kairos the Covert (level 10, -2/53 HPs)
             Began as a Vine Stalker Assassin on Mar 17, 2019.
             Was a Believer of Uskayaw.
             Slain by a two-headed ogre
             ... wielding a +0 giant club
              (5 damage)
             ... while petrified by Psyche
             ... on level 8 of the Dungeon.
             The game lasted 00:27:43 (8691 turns).

Kairos the Covert (Vine Stalker Assassin)           Turns: 8691, Time: 00:27:44

Health: -2/53      AC:  9    Str: 16    XL:     10   Next: 85%
Magic:  0/12       EV:  2    Int: 11    God:    Uskayaw [**....]
Gold:   808        SH:  0    Dex: 20    Spells: 9/9 levels left

rFire    + . .     SeeInvis .   H - +2 dagger (protect)
rCold    . . .     Gourm    .   (no shield)
rNeg     + + +     Faith    +   o - +1 ring mail {rPois}
rPois    ∞         Spirit   +   K - +1 hat
rElec    .         Reflect  .   d - +0 cloak
rCorr    .         Harm     .   (no gloves)
MR       +....                  (no boots)
Stlth    ++++......             C - amulet of faith
HPRegen  0.57/turn              v - ring of wizardry
MPRegen  0.13/turn              O - ring "Ybetal" {+Fly rF+ Str+3}

@: petrified, very slightly contaminated, lightly drained, invisible (expiring)
A: fangs 3, regeneration 1, magic shield, antimagic bite, no potion heal 3, rot
immunity
a: Stomp, Line Pass, Renounce Religion, Evoke Flight


You were on level 8 of the Dungeon.
You worshipped Uskayaw.
Uskayaw was noncommittal.
You were hungry.

You visited 2 branches of the dungeon, and saw 9 of its levels.
You also visited: Ossuary.

You collected 868 gold pieces.
You spent 60 gold pieces at shops.

Inventory:

Hand Weapons
 b - a +0 blowgun
 n - a +3 vampiric dagger
 y - a +2 dagger
 E - a -2 quick blade
 H - a +2 dagger of protection (weapon)
Missiles
 e - 59 poisoned needles
 f - 2 curare-tipped needles
 m - 5 javelins of returning
 u - 8 tomahawks of returning
 J - 8 needles of confusion
 M - a javelin (quivered)
Armour
 d - a +0 cloak (worn)
 j - a +3 scale mail
 o - a +1 ring mail of poison resistance (worn)
 K - a +1 hat (worn)
Jewellery
 c - an uncursed amulet of regeneration
 v - a ring of wizardry (left hand)
 C - an amulet of faith (around neck)
 O - the ring "Ybetal" (right hand) {+Fly rF+ Str+3}
   (You found it on level 8 of the Dungeon)

   [ring of strength]

   It affects your strength (+3).
   It protects you from fire.
   It lets you fly.
Wands
 r - a wand of flame (34)
 G - a wand of random effects (25)
 I - a wand of paralysis (4)
 L - a wand of polymorph (8)
Scrolls
 h - a scroll of blinking
 i - 7 scrolls of remove curse
 p - 2 scrolls of teleportation
 q - a scroll of amnesia
 z - a scroll of identify
Potions
 a - a potion of lignification {unknown}
 k - 5 potions of curing
 l - 2 potions of haste {unknown}
 s - 2 potions of might
 t - 3 potions of cancellation
 w - a potion of mutation {unknown}
 x - a potion of degeneration {unknown}
 A - a potion of magic {unknown}
 B - a potion of berserk rage
 D - 3 potions of invisibility {unknown}
 F - 5 potions of flight
Comestibles
 g - 16 rations


   Skills:
 + Level 6.0(5.9) Fighting
 + Level 7.9(7.8) Short Blades
 + Level 2.7 Throwing
 + Level 6.4(6.3) Armour
 + Level 4.6(4.5) Dodging
 + Level 9.9(9.8) Stealth
 * Level 1.6(1.5) Invocations


You had 9 spell levels left.
You didn't know any spells.
Your spell library was empty.

Dungeon Overview and Level Annotations

Branches:
Dungeon (8/15)             Temple (1/1) D:7            Lair (0/6) D:8

Altars:
Ashenzari
Dithmenos
Elyvilon
Fedhas
Gozag
Uskayaw
The Shining One
Beogh

Shops:
D:5 *

Annotations:
D:4 2 runed translucent doors, Crazy Yiuf; Irenicus's ghost, amateur DDEE


Innate Abilities, Weirdness & Mutations

You have razor-sharp teeth.
Your natural rate of healing is unusually fast.
When hurt, damage is shared between your health and your magic reserves.
Your bite disrupts and absorbs the magic of your enemies.
Potions cannot restore your health.
You are immune to rotting.


Message History

Your base Fighting skill increases to level 6!
You have turned to stone.
Uskayaw will force your foes to helplessly watch your dance.
Uskayaw prepares the audience for your solo!
The two-headed ogre is no longer paralysed.
The two-headed ogre hits you with a +0 giant club. x2
The two-headed ogre hits you with a +0 giant club!
The two-headed ogre hits you with a +0 giant club.
The two-headed ogre hits you with a +0 giant club! x2
You flicker for a moment.
The two-headed ogre hits you with a +0 giant club!!
* * * LOW HITPOINT WARNING * * *
The two-headed ogre hits you with a +0 giant club!
* * * LOW HITPOINT WARNING * * *
The two-headed ogre hits you with a +0 giant club!
* * * LOW HITPOINT WARNING * * *
The two-headed ogre hits you with a +0 giant club!
* * * LOW HITPOINT WARNING * * *
The two-headed ogre hits you with a +0 giant club!
You die...

##### ######..# ##...## #..#
###### ##.....## #..# #.....
#.......#######[.# #.####
#................# #.#
#.......#######.## #.# ##.....##
#.# ##.##
########...#########.######...###
...............O@..............÷.
#.........###########.#####..(###
..###.###.# #.# ###(....# ### #.#
#.# #.###..[..... #.# #.#
#.##.......PP #.# #.#
#............ #####.###.#
######........>...
..##.#.##.######...##.#.........P
#.#.###.#..............#.........


You could see a two-headed ogre.

Vanquished Creatures
  The ghost of vatarom the Skirmisher, a novice OgTm of Okawaru (D:7)
  Psyche (D:8)
  A kobold demonologist (D:8)
  A polar bear (D:8)
  A hippogriff (D:7)
  Sigmund (D:4)
  A wyvern (D:8)
  Eustachio (D:5)
  A yak (D:8)
  2 wargs
  2 orc warriors (D:8)
  2 ice beasts
  A sky beast (D:8)
  2 wolves
  A centaur (D:5)
  3 ogres
  4 bullfrogs
  A gnoll sergeant (D:6)
  A wyvern zombie (D:7)
  A water moccasin zombie (D:7)
  A wyvern skeleton (D:8)
  2 scorpions
  3 wights (D:7)
  A howler monkey (D:5)
  2 crimson imps
  2 centaur zombies
  3 hounds
  11 orc wizards
  8 orc priests
  3 jellies
  A bullfrog skeleton (D:4)
  2 centaur skeletons (D:7)
  Natasha (thrice) (D:2)
  Terence (D:2)
  3 iguanas
  9 worker ants
  A centaur simulacrum (D:8)
  3 hound skeletons
  A hound zombie (D:8)
  A spectral worker ant (D:7)
  8 mummies (Ossuary)
  A worker ant zombie (D:7)
  6 gnolls
  15 adders
  9 river rats (D:5)
  A white imp (D:8)
  2 oozes (D:4)
  5 adder skeletons
  2 worms
  A dart slug (D:1)
  6 leopard geckos
  40 orcs
  3 ball pythons
  11 bats
  7 giant cockroaches
  2 gnoll zombies (Ossuary)
  8 goblins
  6 hobgoblins
  25 jackals
  9 quokkas
  2 frilled lizards
  A giant cockroach zombie (D:6)
  2 hobgoblin zombies (Ossuary)
  A jackal simulacrum (D:8)
  A jackal skeleton (D:4)
  7 kobolds
  3 kobold zombies (Ossuary)
  An orc zombie (Ossuary)
  A quokka skeleton (D:6)
  26 rats
302 creatures vanquished.

Vanquished Creatures (others)
  5 toadstools (D:4)
5 creatures vanquished.

Grand Total: 307 creatures vanquished

Notes
Turn   | Place    | Note
-------+----------+-------------------------------------------
     0 | D:1      | Kairos the Vine Stalker Assassin began the quest for the
                  | Orb.
     0 | D:1      | Reached XP level 1. HP: 11/11 MP: 2/2
   121 | D:1      | Reached skill level 5 in Stealth
   188 | D:1      | Reached XP level 2. HP: 13/15 MP: 3/3
  1020 | D:2      | Found a shattered altar of Ashenzari.
  1022 | D:2      | Reached XP level 3. HP: 18/18 MP: 4/4
  1036 | D:2      | Reached skill level 6 in Stealth
  1097 | D:2      | Noticed Terence
  1148 | D:2      | Killed Terence
  1148 | D:2      | Reached skill level 1 in Dodging
  1148 | D:2      | Gained mutation: Your natural rate of healing is unusually
                  | fast. [Vine Stalker growth]
  1148 | D:2      | Reached XP level 4. HP: 10/23 MP: 2/5
  1423 | D:2      | Noticed Natasha
  1442 | D:2      | Killed Natasha
  1442 | D:2      | Reached XP level 5. HP: 27/27 MP: 4/6
  1451 | D:2      | Found an opulent altar of Gozag.
  1546 | D:2      | Noticed Natasha
  1563 | D:2      | Killed Natasha
  1563 | D:2      | Reached skill level 1 in Armour
  1588 | D:2      | Noticed Natasha
  1598 | D:2      | Killed Natasha
  2242 | D:3      | Reached XP level 6. HP: 32/32 MP: 7/7
  2582 | D:4      | Found a sand-covered staircase.
  2592 | Ossuary  | Entered an ossuary
  3134 | D:4      | Reached XP level 7. HP: 12/35 MP: 3/8
  3324 | D:4      | Found a white marble altar of Elyvilon.
  3589 | D:4      | Found a runed translucent door.
  3595 | D:4      | Noticed Irenicus's ghost (amateur DDEE)
  3866 | D:4      | Noticed Sigmund
  3870 | D:4      | Killed Sigmund
  3881 | D:4      | Found a runed translucent door.
  3922 | D:4      | Found a runed translucent door.
  3923 | D:4      | Noticed Crazy Yiuf
  4308 | D:5      | Entered Level 5 of the Dungeon
  4351 | D:5      | Found Kida's Lightly-Used Armoury.
  4361 | D:5      | Bought a -2 quick blade for 60 gold pieces
  4361 | D:5      | Found a glowing golden altar of the Shining One.
  4406 | D:4      | Gained mutation: You have razor-sharp teeth. [Vine Stalker
                  | growth]
  4406 | D:4      | Reached XP level 8. HP: 26/40 MP: 6/9
  4449 | D:4      | Reached skill level 7 in Stealth
  4524 | D:5      | Reached skill level 5 in Short Blades
  5023 | D:5      | Noticed Eustachio
  5057 | D:5      | Killed Eustachio
  5188 | D:5      | Reached XP level 9. HP: 45/45 MP: 10/10
  5417 | D:5      | Found a blossoming altar of Fedhas.
  6226 | D:6      | Found a shadowy altar of Dithmenos.
  6402 | D:7      | Found a staircase to the Ecumenical Temple.
  6419 | Temple   | Entered the Ecumenical Temple
  6426 | Temple   | Became a worshipper of Uskayaw the Reveler
  6437 | D:7      | Reached * piety under Uskayaw
  6439 | D:7      | Reached ** piety under Uskayaw
  6440 | D:7      | Reached skill level 5 in Armour
  6508 | D:7      | Reached *** piety under Uskayaw
  6514 | D:7      | Reached **** piety under Uskayaw
  6518 | D:7      | Reached ***** piety under Uskayaw
  6537 | D:7      | Found a shattered altar of Ashenzari.
  6562 | D:7      | Reached skill level 8 in Stealth
  6677 | D:7      | Found a runed translucent gate.
  6677 | D:7      | Found a runed translucent gate.
  6677 | D:7      | Found a runed translucent gate.
  6677 | D:7      | Noticed vatarom's ghost (novice OgTm)
  6907 | D:7      | Reached skill level 5 in Fighting
  7104 | D:8      | Noticed a polar bear
  7170 | D:8      | Noticed a two-headed ogre
  7339 | D:7      | Reached XP level 10. HP: 29/51 MP: 7/11
  7458 | D:8      | Noticed a kobold demonologist
  7468 | D:8      | Noticed a smoke demon
  7641 | D:7      | Killed vatarom's ghost
  7641 | D:7      | Reached skill level 9 in Stealth
  7722 | D:8      | Noticed a rust devil
  7844 | D:8      | Reached ****** piety under Uskayaw
  7977 | D:8      | Found a staircase to the Lair.
  8099 | D:8      | Got a transparent jade ring
  8109 | D:8      | Noticed Psyche
  8113 | D:7      | Identified the ring "Ybetal" {+Fly rF+ Str+3} (You found it
                  | on level 8 of the Dungeon)
  8332 | D:8      | Found a roughly hewn altar of Beogh.
  8500 | D:8      | Killed a kobold demonologist
  8523 | D:8      | Reached skill level 1 in Invocations
  8674 | D:8      | Paralysed by something for 3 turns
  8684 | D:8      | Killed Psyche
  8690 | D:8      | HP: 2/53 [two-headed ogre/+0 giant club (4)]
  8691 | D:8      | Slain by a two-headed ogre

Skill      XL: |  1  2  3  4  5  6  7  8  9 10 |
---------------+-------------------------------+-----
Stealth        | 5 6 7 8 9 |  9.9
Fighting       | 2 3 4 5 6 |  6.0
Short Blades   | 2 3 4 5 6 7 |  7.9
Dodging        | 1 2 3 4 |  4.6
Armour         | 1 2 3 4 5 6 |  6.4
Throwing       | 2 |  2.7
Invocations    | 1 |  1.6

Action                   |  1- 3 |  4- 6 |  7- 9 | 10-12 || total
-------------------------+-------+-------+-------+-------++-------
Melee: Dagger            |    93 |   309 |   663 |   310 ||  1375
       Bite              |    24 |    92 |   225 |   129 ||   470
Throw: Javelin           |     2 |    12 |     4 |       ||    18
Evoke: Wand              |       |       |       |     2 ||     2
  Use: Scroll            |     1 |     4 |     7 |     3 ||    15
       Potion            |       |     4 |       |       ||     4
 Stab: Sleeping          |    10 |     1 |    12 |       ||    23
       Distracted        |       |       |     2 |     1 ||     3
       Paralysed         |       |       |     6 |    11 ||    17
       Invisible         |       |       |       |     1 ||     1
  Eat: Ration            |       |     3 |       |       ||     3
       Chunk             |       |     2 |    13 |     5 ||    20
Armor: Robe              |    17 |       |       |       ||    17
       Scale mail        |    32 |   140 |    14 |       ||   186
       Ring mail         |       |       |   164 |   101 ||   265
Dodge: Dodged            |    59 |   151 |   268 |   143 ||   621
